[Event "Chinese Championship-B Men 2024"]
[Site "Liaocheng"]
[Date "2024.04.25"]
[Round "10.10"]
[White "Chen, Zhongkai"]
[Black "Xi, Qi"]
[Result "0-1"]
[ECO "C13"]
[WhiteElo "1832"]
[BlackElo "2217"]
[Annotator "TA"]
[PlyCount "102"]
[EventDate "2024.04.24"]
[EventType "swiss"]
[EventCountry "CHN"]
[SourceTitle "playchess.com"]
[Source "ChessBase"]
[SourceQuality "1"]
[TimeControl "5400+30"]

1. e4 e6 2. d4 d5 3. Nc3 Nf6 4. Bg5 dxe4 5. Nxe4 Nbd7 6. Nf3 h6 7. Bxf6 Nxf6 8. Bd3 Nxe4 9. Bxe4 c5 {[%emt 0:00:09] The position is equal.} 10. O-O cxd4 11. Nxd4 Be7 12. c3 O-O 13. Qb3 Qc7 14. Rad1 a6 15. a4 Rb8 16. g3 Bd7 17. Rfe1 Rfc8 18. Nf3 Be8 19. Qc2 Qa5 20. Ra1 Rc4 21. Bh7+ Kf8 22. Re5 Qc7 23. Bd3 Rc5 24. Rae1 Rd8 25. Rxc5 Bxc5 26. b4 (26. Rd1 $11 {remains equal.}) 26... Be7 {[%emt 0:04:00][%cal Oe8a4] And now ...Bxa4! would win.} 27. a5 {[%emt 0:04:29] [#]} (27. Be4 $142) 27... Ba4 $1 $17 28. Qd2 Bf6 29. c4 Bc6 {[%emt 0:00:52] Black is more active. This pair of bishops is nice.} 30. Qe3 (30. Re3 $142) 30... Qd6 31. Be4 Qxb4 32. Bxc6 bxc6 33. Qb6 Qxc4 {[%emt 0:01:54] aiming for ...g5.} 34. Ne5 Qc3 35. Re3 Rd1+ 36. Kg2 Qd4 37. Qxd4 Rxd4 38. Nxc6 {[%emt 0:00:02][%cal Oe3b3][%mdl 4096] Endgame. Rb3! would now be deadly. KRB-KRN} Rd6 39. Nb4 Ke8 40. Re4 Bd8 41. Re5 Kd7 42. Rc5 Bf6 43. f4 (43. h4 $17) 43... Rd2+ $19 44. Kf3 Be7 (44... Rxh2 45. Nxa6 Bd8 46. Nb8+ Kd6 47. Rc6+ Kd5 48. Rc8 Bxa5 49. Nc6 $11) 45. Rc4 {[%emt 0:00:01] [#]} Bxb4 ({Don't take} 45... Rxh2 46. Nxa6 Ra2 47. Nc5+ Bxc5 48. Rxc5 $15) 46. Rxb4 {[%emt 0:00:01] [#] KR-KR} Ra2 $1 ({But not} 46... Rxh2 47. Rb7+ Ke8 48. Ra7 $17) 47. Rb7+ Ke8 48. Ke4 (48. f5 $142) 48... Rxa5 ({Not} 48... Rxh2 49. Rb6 $17) 49. Ra7 h5 50. h3 Kf8 51. g4 g6 {[%emt 0:04:33] Weighted Error Value: White=0.18 (very precise) /Black=0.07 (flawless) .  Mistake:       	White=5     	---        Inaccurate:     	White=5     	Black=2      OK:         	White=13    	Black=18     Best:        	White=6     	Black=4      Brilliant:      	---       	Black=1} 0-1

[Event "Chinese Championship-B Men 2024"]
[Site "Liaocheng"]
[Date "2024.04.25"]
[Round "10.11"]
[White "Chen, Hongsen"]
[Black "Xia, Jinnan"]
[Result "0-1"]
[ECO "D54"]
[WhiteElo "2171"]
[BlackElo "1819"]
[Annotator "TA"]
[PlyCount "90"]
[EventDate "2024.04.24"]
[EventType "swiss"]
[EventCountry "CHN"]
[SourceTitle "playchess.com"]
[Source "ChessBase"]
[SourceQuality "1"]
[TimeControl "5400+30"]

1. c4 Nf6 2. Nc3 d5 3. d4 e6 4. Bg5 Be7 5. e3 O-O 6. Rc1 b6 7. cxd5 exd5 8. Bd3 Bb7 9. h3 {[%emt 0:02:30] White has an edge.} Ne4 10. Bxe7 Qxe7 11. Nge2 Nd7 12. O-O Ndf6 13. a3 Rfc8 14. Nf4 c5 15. dxc5 Rxc5 16. Nb5 a6 17. Nd4 Rac8 18. Rc2 g6 19. Qe2 Rxc2 20. Bxc2 b5 21. Ra1 Nd7 22. a4 b4 23. a5 Ne5 24. Bb3 Nc4 25. Nd3 Ne5 (25... Nc5 $1 $11 {remains equal.}) 26. Nxe5 $16 Qxe5 27. Qe1 Qd6 28. g3 Rc7 29. h4 Bc8 30. Bd1 h5 31. Bf3 (31. Be2 {keeps more tension.} Bh3 32. Kh2 Bd7 33. Kg2) 31... Qc5 32. Nb3 (32. Be2 {is more complex.} Qd6 33. Kg2 Bd7 34. Rc1) 32... Qe7 33. Rc1 Be6 (33... Bg4 $11 34. Bg2 (34. Rxc7 Qxc7 35. Bxe4 dxe4 $11) 34... Rxc1 35. Qxc1 Qf6 36. Bxe4 dxe4) 34. Nd4 {[%emt 0:04:50] [#] aiming for Rxc7.} Bh3 35. Kh2 Rxc1 36. Qxc1 Bg4 (36... Nxf2 $2 37. Qe1 (37. Bxd5 Bd7 $15) (37. Qd2 Ne4 $16) 37... Nd3 38. Qe2 $18) 37. Bxe4 (37. Bxg4 $16 hxg4 38. Qc8+ Kg7 39. Qxa6 Nxf2 40. Qe2) 37... Qxe4 {[%emt 0:04:22][%mdl 4096] Endgame. KQB-KQN} 38. Qc2 {[%emt 0:00:05] Wards off Qd3} Bd7 ({Wrong is} 38... Qxc2 $2 39. Nxc2 d4 40. Nxd4 $18 (40. Nxb4 dxe3 41. fxe3 Be2 $11) (40. exd4 b3 $18)) 39. Qxe4 (39. b3 {is interesting.} Be6 40. Qd2 Bf5 41. Qxb4 Bh3 42. f3) 39... dxe4 {[%emt 0:00:02] KB-KN} 40. Nc2 b3 41. Nd4 Be6 42. Kg2 {[%emt 0:03:54] [#] And now Nxe6 would win.} Bc4 (42... Bd5 $1 $11 {keeps the balance.}) 43. f3 exf3+ 44. Kxf3 Kf8 45. Nc6 (45. Ke4 $16) 45... Bd5+ {[%emt 0:00:07] Weighted Error Value: White=0.31/Black=0.21 (precise) .  Loses game:     	White=1     	---        Mistake:       	White=1     	Black=3      Inaccurate:     	White=8     	Black=6      OK:         	White=14    	Black=9      Best:        	---       	Black=2} 0-1

[Event "Chinese Championship-B Men 2024"]
[Site "Liaocheng"]
[Date "2024.04.25"]
[Round "10.12"]
[White "Wang, Hao B"]
[Black "Hong, Mingren"]
[Result "1/2-1/2"]
[ECO "D79"]
[WhiteElo "2170"]
[BlackElo "1747"]
[Annotator "TA"]
[PlyCount "92"]
[EventDate "2024.04.24"]
[EventType "swiss"]
[EventCountry "CHN"]
[SourceTitle "playchess.com"]
[Source "ChessBase"]
[SourceQuality "1"]
[TimeControl "5400+30"]

1. Nf3 Nf6 2. g3 g6 3. Bg2 Bg7 4. O-O O-O 5. c4 c6 6. d4 d5 7. cxd5 cxd5 8. Nc3 Ne4 9. Qb3 Nc6 10. Bf4 (10. Nxd5 $2 Be6 (10... Bxd4 $2 11. Nxd4 Nxd4 12. Qc4 $18) 11. Nxe7+ Nxe7 12. Qxb7 Bd5 $19) 10... a5 (10... Nxc3 $11 11. bxc3 Na5) 11. Rfd1 $14 (11. Qxd5 $2 Nxc3 (11... Nxd4 $2 12. Qxe4 Nc6 13. Rad1 $18) 12. Qc4 Nd5 $19) (11. Nxd5 $2 a4 (11... Nxd4 $2 12. Nxd4 e5 13. Bxe4 $18) (11... Be6 $2 12. Nxe7+ Qxe7 13. Qa4 $19) 12. Nxe7+ Qxe7 $19) 11... Nxc3 12. bxc3 {[%emt 0:00:41] White is slightly better.} a4 13. Qa3 Bf5 14. Ne5 Qa5 15. c4 (15. Rac1 $14 {stays ahead.}) 15... Nxe5 $17 16. dxe5 dxc4 17. Rac1 Rac8 ({Much worse is} 17... Bxe5 $6 18. Rd5 (18. Bxb7 $2 Bxf4 19. gxf4 Rad8 $19) 18... Bxf4 19. Rxa5 Bxc1 20. Qxa4 Rxa5 21. Qxa5 $11) ({Better is} 17... Rad8 $17 {Hoping for ...Rxd1+.} 18. Bxb7 Rxd1+ (18... Bxe5 19. Bh6 $15) 19. Rxd1 Rb8 (19... Bxe5 $2 20. Bh6 $19)) 18. Bxb7 $11 {[%emt 0:00:30] [#] Strongly threatening Rd5.} Rc7 19. Bf3 ({Avoid the trap} 19. Rd5 $2 Qb6 20. Qxa4 Qxb7 $19) 19... Be6 $1 {[%emt 0:01:09][%cal Of8c8] Prevents Rd5.} (19... Bxe5 $2 {loses.} 20. Rd5 $18) 20. Bd2 Qxe5 21. Qxa4 Rd7 22. Bc3 Rxd1+ 23. Qxd1 Qc5 24. Qd2 Rc8 25. a4 Qa3 26. a5 Bxc3 27. Qxc3 Qxc3 28. Rxc3 {[%emt 0:00:07][%mdl 4096] Endgame. KRB-KRB} Rc5 29. a6 Ra5 30. Bb7 Kf8 31. Kg2 Ke8 32. Kf3 Kd7 33. Ke3 Kc7 34. Kd4 Kb6 35. Rc2 Ra3 36. f4 f6 37. Rb2+ Rb3 38. Ra2 {[%emt 0:00:17] [#] White wants to mate with a7.} Ka7 39. Rd2 Rb6 40. Kc5 Rd6 41. Rb2 h6 (41... c3 $11 {deserves consideration.} 42. Rc2 Rd2 43. Rxc3 Rxe2) 42. Bc6 Bc8 {[%emt 0:01:19] Wards off Rb7+. The position is equal.} 43. Bb5 c3 44. Rc2 Bxa6 45. Bxa6 Kxa6 46. Rxc3 {[%emt 0:00:05] Re3 would now be deadly.} Kb7 {[%emt 0:00:58] Weighted Error Value: White=0.13 (very precise) /Black=0.11 (very precise) .  Mistake:       	White=1     	Black=3      Inaccurate:     	White=2     	Black=1      OK:         	White=14    	Black=17     Best:        	White=1     	Black=4      Strong:       	---       	Black=1} 1/2-1/2

[Event "Chinese Championship-B Men 2024"]
[Site "Liaocheng"]
[Date "2024.04.25"]
[Round "10.13"]
[White "Cheng, Zihan"]
[Black "Zhu, Yilun"]
[Result "1-0"]
[ECO "C77"]
[WhiteElo "1819"]
[BlackElo "2125"]
[Annotator "TA"]
[PlyCount "69"]
[EventDate "2024.04.24"]
[EventType "swiss"]
[EventCountry "CHN"]
[SourceTitle "playchess.com"]
[Source "ChessBase"]
[SourceQuality "1"]
[TimeControl "5400+30"]

1. e4 e5 2. Nf3 Nc6 3. Bb5 a6 4. Ba4 Nf6 5. Bxc6 dxc6 6. d3 Bd6 7. Nbd2 Be6 8. Qe2 Nd7 9. Nc4 f6 10. Nh4 {[%emt 0:00:58] The position is equal.} g6 11. g3 Qe7 12. Nxd6+ cxd6 13. a4 d5 14. b3 Qb4+ 15. Bd2 Qc5 16. Rc1 b5 17. b4 Qe7 18. a5 {[%emt 0:01:35] [#]} (18. O-O $11) 18... c5 (18... dxe4 $1 $17 19. O-O Bd5) 19. O-O $11 d4 20. bxc5 Nxc5 21. Bb4 {[%emt 0:00:41] Threatens to win with c3.} Qa7 {[%emt 0:00:27] Loses the game.} (21... Rc8 $1 $11) 22. f4 $18 {[%emt 0:00:53] Hoping for fxe5.} exf4 (22... O-O $16 {was worth a try.}) 23. Rxf4 Nd7 {[%emt 0:15:12] [#]} (23... O-O $142 24. Rcf1 Rfe8 25. Nxg6 (25. Rxf6 Nd7 $18) 25... hxg6) 24. Nf5 $1 Kf7 {[%emt 0:01:48] Dodges Ng7} (24... gxf5 $2 25. exf5 O-O-O 26. fxe6 $18) 25. Rcf1 (25. Nd6+ Kg7 $16) 25... Rhd8 $2 (25... gxf5 $2 {perishes.} 26. exf5 Ke8 27. fxe6 $18 (27. Qxe6+ Kd8 $18)) (25... Bxf5 26. exf5 Rhe8 27. fxg6+ hxg6) 26. Rh4 Kg8 (26... h5 $142 27. Ne7 Re8) 27. Ne7+ Kg7 28. Nc6 $2 (28. e5 {Threatening mate with exf6+.} Nxe5 29. Rxh7+ Kxh7 30. Rxf6) 28... Qc7 29. Nxd4 ({But not} 29. Nxd8 $6 Rxd8 30. Qd2 h5 $18) 29... Bg8 30. Rhf4 Re8 31. Qf2 Kh8 32. Ne2 {[%emt 0:01:33] And now Rxf6 would win.} Qxc2 $2 (32... Re6 33. Nd4 Ree8 34. Rxf6 Nxf6) 33. Rxf6 {[%emt 0:01:12] White is clearly winning.} Rac8 {[%emt 0:02:08] [#]} 34. Qd4 $1 {[%emt 0:01:22] White threatens Re6+ and mate.} Ne5 35. Bd6 {[%emt 0:00:54] Weighted Error Value: White=0.37/Black=0.31.  Mistake:       	White=1     	Black=7      Inaccurate:     	---       	Black=1      OK:         	White=12    	Black=7      Best:        	White=2     	Black=2} 1-0

[Event "Chinese Championship-B Men 2024"]
[Site "Liaocheng"]
[Date "2024.04.25"]
[Round "10.14"]
[White "Zhou, Yuxu"]
[Black "Zhang, Zhi"]
[Result "0-1"]
[ECO "B07"]
[WhiteElo "1789"]
[BlackElo "1987"]
[Annotator "TA"]
[PlyCount "84"]
[EventDate "2024.04.24"]
[EventType "swiss"]
[EventCountry "CHN"]
[SourceTitle "playchess.com"]
[Source "ChessBase"]
[SourceQuality "1"]
[TimeControl "5400+30"]

1. e4 d6 2. d4 Nf6 3. Nc3 e5 4. dxe5 dxe5 5. Qxd8+ Kxd8 6. Nf3 Bd6 7. Bc4 Be6 8. Bxe6 fxe6 9. Be3 a6 10. O-O-O Ke7 11. Nd2 Nc6 12. f3 {[%emt 0:03:24] Against Ng4} h6 13. h4 b5 14. Nb3 {[%emt 0:00:00] White is slightly better.} Rhb8 15. Rd2 ({Better is} 15. Kb1 $14) 15... Nd7 $1 $11 16. Rhd1 Nb6 17. Bxb6 Rxb6 18. g3 ({White should play} 18. Kb1 $11) 18... Rf8 19. Rf2 Rbb8 20. Rdf1 g5 21. hxg5 hxg5 22. Ne2 Rf7 23. f4 Rbf8 24. f5 g4 25. Kd1 a5 26. f6+ Rxf6 27. Rxf6 Rxf6 28. Rxf6 Kxf6 $15 {[%emt 0:00:06][%mdl 4096] Endgame. KBN-KNN} 29. c3 a4 30. Nd2 Bc5 31. Kc2 (31. b3 $15) 31... Nb8 {[%emt 0:02:36] Black is more active.} (31... Na5 $142 {aiming for ...Bf2.} 32. Nc1 Bf2) 32. Kd3 (32. Nc1 $17) 32... Nd7 33. b4 {[%emt 0:00:00] [#]} axb3 $1 34. axb3 Bf2 {[%emt 0:00:05] Threatens to win with ...Nc5+.} 35. b4 c5 36. Kc2 $2 (36. c4 $17) 36... c4 $19 37. Nf1 $2 (37. Nb1 Kg5 38. Na3) 37... Kg6 {[%emt 0:01:29] Black is clearly winning.} 38. Nd2 Nf6 {[%emt 0:00:03] Hoping for ...Kh6.} 39. Kd1 Kg5 40. Kc2 Be1 {[%emt 0:00:07] [#] Strongly threatening ...Bxd2.} 41. Nf1 Nxe4 42. Kb2 Nf6 {[%emt 0:00:20] Weighted Error Value: White=0.46/Black=0.07 (flawless) .  Mistake:       	White=6     	Black=1      Inaccurate:     	White=2     	Black=1      OK:         	White=7     	Black=7      Strong:       	---       	Black=2} 0-1

[Event "Chinese Championship-B Men 2024"]
[Site "Liaocheng"]
[Date "2024.04.25"]
[Round "10.15"]
[White "Qu, Haoming"]
[Black "Shen, Chenyi"]
[Result "1/2-1/2"]
[ECO "C07"]
[WhiteElo "1786"]
[BlackElo "1974"]
[Annotator "TA"]
[PlyCount "175"]
[EventDate "2024.04.24"]
[EventType "swiss"]
[EventCountry "CHN"]
[SourceTitle "playchess.com"]
[Source "ChessBase"]
[SourceQuality "1"]
[TimeControl "5400+30"]

1. e4 e6 2. d4 d5 3. Nd2 c5 4. exd5 Qxd5 5. dxc5 Nf6 6. Ngf3 {[%emt 0:00:25] C07: French Tarrasch: 3...c5, 4 Ngf3 and 4 exd5 Qxd5.} Qxc5 7. Bd3 Nbd7 {[%emt 0:01:00] The main line 7...Nbd7 scores better than 7...Be7.} 8. O-O Bd6 9. Qe2 O-O 10. Rd1 $146 ({Predecessor:} 10. Nc4 Bc7 11. b4 Qh5 12. Bb2 b5 13. Ncd2 a6 14. Ne4 Bb7 15. Ng3 Bxf3 16. Nxh5 Bxe2 17. Nxf6+ Nxf6 18. Bxe2 {1-0 Viera,J (1600)-Torres,R (1992) Uniagraria AlphaZero op 2nd 2019 (7)}) 10... Ne5 11. Nxe5 Qxe5 12. Qxe5 Bxe5 13. Nf3 Bc7 14. Bg5 Rd8 15. c3 Bd7 16. Nd4 Be5 17. Be2 h6 18. Bh4 Ba4 19. Nb3 g5 20. Bg3 Bxg3 21. hxg3 e5 22. Kf1 Kf8 23. f3 Ne8 24. Kf2 Rd6 25. Rxd6 Nxd6 26. Nc5 Bc6 27. Rh1 Kg7 28. Rd1 Rd8 29. Nd3 f6 30. Nb4 Be8 31. Nd5 Bf7 32. Ne3 Be6 (32... Bxa2 $2 33. Rxd6 (33. Nf5+ Nxf5 34. Rxd8 Be6 $18) 33... Rxd6 34. Nf5+ Kf8 35. Nxd6 $18) 33. g4 Kf7 34. Bd3 Ke7 35. Ke2 Rh8 36. Rh1 Bf7 37. b3 b6 38. c4 Be6 39. Kd2 Kf7 40. Kc3 Kg7 41. Rd1 h5 42. Bc2 Nb7 (42... Nc8 $16 43. gxh5 Rxh5) 43. gxh5 $1 $18 Rxh5 44. b4 Rh8 45. Be4 Rb8 46. a3 Kf8 47. Rh1 Nd6 48. Bd5 Bxd5 49. Nxd5 Rc8 50. Rh8+ (50. Nxf6 Kg7 51. Ne4 Rxc4+ 52. Kd3 (52. Kb3 Rd4 $11) 52... Rd4+ 53. Ke3 Nxe4 (53... Nc4+ 54. Ke2 $11) 54. fxe4 Rc4 $11) 50... Kf7 (50... Kg7 $16 {is a better defense.} 51. Rxc8 Nxc8) 51. Rh7+ $1 $18 (51. Rxc8 $6 Nxc8 52. Nc7 Ke7 $14) 51... Kg6 $2 (51... Kf8) 52. Rc7 $2 (52. Rxa7 $2 Nb5+ (52... Nxc4 $2 53. Ne7+ Kh6 54. Nxc8 $18) (52... Rxc4+ 53. Kb3 $16) 53. Kd3 Nxa7 $19) (52. Rd7 $1 $18 {[%cal Rd7d6] is the precise move to win.} Rxc4+ 53. Kb3) 52... Rxc7 $16 53. Nxc7 Nb7 ({Black should try} 53... Kf7) 54. Nb5 $1 $16 a5 55. Nc7 axb4+ 56. axb4 (56. Kxb4 $142 f5 57. Nd5) 56... Nd6 $16 57. Nd5 Nc8 58. c5 (58. Ne3 $16) 58... bxc5 $11 59. bxc5 Kf5 60. Kc4 Ke6 61. Nc3 Na7 62. Ne4 Nc6 63. Nc3 f5 64. Kb5 Nd4+ $2 (64... Ne7 $11 {and Black has nothing to worry.}) 65. Kb6 $18 Kd7 66. g4 $2 (66. Nd5 $1 $18) 66... f4 $2 {[%emt 0:00:44][%mdl 8192] [#]} (66... Nxf3 67. c6+ (67. gxf5 Nd4 $11) 67... Kd8 68. gxf5 Nd2 69. Kb7 Ke7 70. c7 Nc4 71. Nd5+ (71. c8=R Nd6+ 72. Kc7 Nxc8 $11) 71... Kd6 72. c8=Q (72. c8=R Kxd5 73. Rxc4 Kxc4 $18)) (66... e4 $11 67. fxe4 fxg4) 67. Ne4 $1 $18 Ne6 {[%emt 0:00:27] [#]} 68. c6+ $1 Kc8 69. Nd6+ Kb8 70. Ne4 Kc8 71. Nf6 $2 ({Only move:} 71. Nd2 $18) 71... Nd4 72. Nd5 Ne6 $1 73. c7 Kd7 74. Nf6+ Kc8 75. Ne4 Nxc7 $2 (75... Kd7 $1 $11 {and Black is okay.}) 76. Nxg5 $2 ({White must play} 76. Kc6 $1 $18) 76... Kd7 $11 77. Ne4 Ne6 78. g5 Nd4 79. g6 Ke7 80. Kc5 Nxf3 81. Kd5 Kf8 82. Ke6 Kg7 83. Kf5 Nh4+ 84. Kxe5 Nxg6+ 85. Kf5 Ne7+ 86. Kxf4 Ng6+ 87. Ke3 Nf4 88. Kxf4 1/2-1/2

[Event "Chinese Championship-B Men 2024"]
[Site "Liaocheng"]
[Date "2024.04.26"]
[Round "11.1"]
[White "Zhang, Zhi"]
[Black "Zhang, Ziji"]
[Result "1/2-1/2"]
[ECO "B22"]
[WhiteElo "1987"]
[BlackElo "2392"]
[Annotator "TA"]
[PlyCount "161"]
[EventDate "2024.04.24"]
[EventType "swiss"]
[EventCountry "CHN"]
[SourceTitle "playchess.com"]
[Source "ChessBase"]
[SourceQuality "1"]
[TimeControl "5400+30"]

1. e4 c5 2. c3 e6 3. Nf3 d5 4. exd5 Qxd5 5. d4 Nf6 6. Be3 cxd4 7. Qxd4 Nc6 8. Qxd5 Nxd5 9. Bd2 e5 10. Bb5 f6 11. O-O Be6 12. c4 Ndb4 13. Bxb4 Bxb4 14. a3 Be7 15. b4 a6 16. Bxc6+ bxc6 17. c5 O-O-O {[%emt 0:00:20] ...e4 would now be deadly.} 18. Nc3 g5 19. Rfe1 Rhe8 20. Ne4 g4 21. Nfd2 f5 {[%emt 0:01:32][%cal Od8d3] Threatens to win with ...Rd3!} 22. Nd6+ Bxd6 23. cxd6 Rxd6 24. Nf1 Bc4 (24... Rd5 $17 25. Ne3 Rd3) 25. Ne3 Bd3 $36 {[%emt 0:01:21][%mdl 2048] Black is in control.} 26. Rac1 Kc7 27. Rc5 h5 28. f4 gxf3 $19 (28... exf4 $6 29. Nd5+ Kd8 (29... Rxd5 30. Rxe8 Be4 31. Rxd5 $11) 30. Rxe8+ Kxe8 31. Nxf4 $15) 29. gxf3 Kd7 (29... f4 $142 30. Ng2 Rg6) 30. Kf2 f4 $1 31. Ng2 (31. Nc4 $17 Bxc4 32. Rxc4) 31... Rd5 32. Rd1 Bc4 33. Ke1 (33. Rc1 $142 Bb5 34. Rxd5+ cxd5 35. Nh4) 33... Rxd1+ 34. Kxd1 {[%emt 0:00:02][%mdl 4096] Endgame. KRB-KRN} Rg8 35. Ne1 (35. Rxc4 {only move.} Rxg2 36. h4) 35... Bd5 36. Ke2 Rg1 37. Nd3 Kd6 38. Nf2 Ra1 39. Rc3 Ra2+ 40. Ke1 Kc7 (40... h4 $142 41. Kf1 Ke6) 41. Kf1 (41. Nd3 $142) 41... Kb6 (41... Ra1+ $19 42. Ke2 h4) 42. Nd3 $17 Bxf3 (42... Rxh2 43. Nxe5 Rh3 44. Kf2 $15) 43. Nxe5 Bd5 44. Nd3 f3 (44... Rxh2 45. Nxf4 Bf7 46. Rc5 $17) 45. Nf4 Bf7 (45... Rxh2 $17 {And now ...h4 would win.} 46. Nxd5+ cxd5) 46. h3 $1 $15 Kb5 (46... h4 {simplifies} 47. Rxf3 Bc4+ 48. Kg1 Rc2) 47. Rc5+ Ka4 48. Rxc6 Kb3 (48... Rxa3 49. Rxa6+ Kxb4 (49... Kb3 50. Rxa3+ Kxa3 51. b5 $14) 50. Rxa3 Kxa3 51. h4 $16) 49. Ne6 Bxe6 (49... Kxa3 50. Rxa6+ Kxb4 (50... Kb2 51. Rxa2+ Kxa2 52. Nc7 $16) 51. Rxa2 $18) 50. Rxe6 Rxa3 $11 {[%emt 0:00:16] KR-KR} 51. Re4 Ra4 52. Re3+ (52. Re5 $1 $11 {remains equal.}) 52... Kxb4 $17 53. Rxf3 $2 {[%emt 0:00:05] [#]} (53. Re4+ $17 Kb5 54. Re5+ Kb6 55. Rxh5) 53... h4 $2 (53... Ra1+ $1 $19 54. Ke2 Ra5) 54. Ke2 $2 (54. Rf4+ $15 Kb3 55. Rf5) 54... Kc5 $2 (54... Ra2+ $19 55. Kd1 a5) 55. Rf5+ $15 Kd6 (55... Kb6 $15 {deserves consideration.}) 56. Rh5 $11 Ke6 57. Kd2 Kf6 58. Kc2 $2 {[%emt 0:01:08][%mdl 8192] [#]} (58. Ke3 $1 $11) 58... Kg6 $1 $19 59. Rh8 Kg5 $2 ({Black should try} 59... a5 $19 60. Rg8+ Kh7) 60. Rg8+ $15 Kf5 {[%emt 0:00:04] ...Ra3 is the strong threat.} 61. Rh8 $1 Rf4 62. Rh6 Ra4 {[%emt 0:01:03] aiming for ...Kg5.} 63. Rh8 a5 64. Kd2 $2 (64. Kb2 $11 {and White stays safe.}) 64... Ra2+ $2 ({Better is} 64... Kg5 $19 {Hoping for ...Ra2+.} 65. Rg8+ Kf6) 65. Ke3 $11 Ra4 $2 (65... Ra3+ $11 66. Ke2 Ra4 (66... Rxh3 67. Rh5+ Kg4 68. Rxa5 $11)) 66. Kd2 $19 Kg6 67. Ke2 Rb4 68. Ra8 a4 69. Ra5 Kf6 70. Kd2 Ke6 71. Kc2 Kd6 72. Rh5 (72. Kd2 $142 Kc7 73. Kc3) 72... Kc6 {[%emt 0:00:10] White must now prevent ...a3.} 73. Rh6+ Kd5 74. Rh5+ Ke6 75. Ra5 Rf4 76. Kd2 Kd6 77. Rh5 $2 (77. Kd3 Kc6 78. Kc2) 77... Kc6 (77... a3 $142 {( -> ...a2)} 78. Kc2 Rb4 79. Rh6+ Ke5) 78. Kc2 a3 $2 (78... Re4 $19 {Strongly threatening ...Rc4+.} 79. Kb2 Kd6) 79. Kb1 $11 Kd6 80. Ka2 Ke6 (80... Ra4 $17) 81. Kxa3 {[%emt 0:00:40] Weighted Error Value: White=0.38/Black=0.33.  Loses game:     	White=4     	---        Missed win:     	---       	Black=4      Mistake:       	White=8     	Black=9      Inaccurate:     	White=5     	Black=1      OK:         	White=19    	Black=25     Best:        	White=11    	Black=5      Strong:       	White=2     	Black=1} 1/2-1/2

[Event "Chinese Championship-B Men 2024"]
[Site "Liaocheng"]
[Date "2024.04.26"]
[Round "11.2"]
[White "Zhang, Di"]
[Black "Wu, Yixing"]
[Result "1/2-1/2"]
[ECO "D41"]
[WhiteElo "2303"]
[BlackElo "2348"]
[Annotator "TA"]
[PlyCount "60"]
[EventDate "2024.04.24"]
[EventType "swiss"]
[EventCountry "CHN"]
[SourceTitle "playchess.com"]
[Source "ChessBase"]
[SourceQuality "1"]
[TimeControl "5400+30"]

1. d4 Nf6 2. c4 e6 3. Nf3 d5 4. Nc3 c5 5. cxd5 cxd4 6. Qxd4 exd5 7. e4 dxe4 8. Qxd8+ Kxd8 9. Ng5 {[%emt 0:00:09][%csl LRe4,LRf7] White is slightly better.} Be6 10. Nxe6+ fxe6 11. Bg5 Nc6 12. Bc4 Ke7 13. Nxe4 Kf7 14. Bxf6 gxf6 15. O-O-O Rd8 ({Reject} 15... Ne5 $6 16. Bb3 $16) 16. Rxd8 Nxd8 17. Rd1 Be7 18. Rd7 {[%emt 0:02:42] [#] Strongly threatening Nd6+.} f5 19. Nd6+ Kf6 20. Nxb7 Nxb7 21. Rxb7 $14 {[%emt 0:00:04][%mdl 4096] Endgame. KRB-KRB} Bc5 22. f4 Rg8 23. Rxh7 Rxg2 24. Rh6+ Rg6 25. Rxg6+ Kxg6 26. Bxe6 {[%emt 0:00:14] KB-KB} Be3+ 27. Kc2 Bxf4 28. h3 Bd6 29. a3 a5 30. Kb3 Bc7 {[%emt 0:00:48] Weighted Error Value: White=0.05 (flawless) /Black=0.06 (flawless) .  Inaccurate:     	White=2     	Black=2      OK:         	White=13    	Black=9      Best:        	White=2     	Black=1} 1/2-1/2

[Event "Chinese Championship-B Men 2024"]
[Site "Liaocheng"]
[Date "2024.04.26"]
[Round "11.3"]
[White "Meng, Yihan"]
[Black "Xie, Kaifan"]
[Result "1-0"]
[ECO "B12"]
[WhiteElo "2042"]
[BlackElo "2393"]
[Annotator "TA"]
[PlyCount "67"]
[EventDate "2024.04.24"]
[EventType "swiss"]
[EventCountry "CHN"]
[SourceTitle "playchess.com"]
[Source "ChessBase"]
[SourceQuality "1"]
[TimeControl "5400+30"]

1. e4 c6 2. d4 d5 3. e5 Bf5 4. h4 h5 5. Bd3 Bxd3 6. Qxd3 Qa5+ 7. c3 {[%emt 0:00:06][%cal Oe5e6] Strongly threatening e6!} Qa6 8. Qf3 {[%emt 0:00:25][%cal Oe5e6] next e6! is good for White. The position is equal.} e6 9. b4 Qa4 10. Ne2 a5 11. bxa5 Nd7 12. Nd2 Rxa5 13. O-O Ne7 14. c4 Nf5 15. Nb3 Ra8 ({Much worse is} 15... Nxh4 $6 16. Qh3 Be7 17. Nc3 $18) 16. cxd5 cxd5 17. Bg5 Ba3 {[%emt 0:07:29] Dodges Rac1} 18. Rad1 Qc6 {[%emt 0:08:10] [#]} ({Better is} 18... g6 $14) 19. Rd3 ({White should play} 19. Ng3 $1 $16) 19... Bb2 $2 {[%emt 0:05:03] [#] A mistake that costs the game.} ({Black should try} 19... Be7 $14) 20. Ng3 $1 $18 g6 ({But not} 20... Nxg3 21. fxg3 O-O 22. Be7 $18 (22. Qxh5 Qc4 $16)) (20... Ne7 {keeps fighting.} 21. Rb1 (21. Nxh5 Nf5 $18) 21... Qc2) 21. Nxf5 exf5 22. Rb1 {[%emt 0:03:42] White is clearly winning.} Qc2 23. Re1 Qc6 {[%emt 0:02:38] [#]} 24. e6 $1 fxe6 {[%emt 0:00:11] [#]} (24... Nf8 25. Re2) 25. Rxe6+ $3 Qxe6 26. Re3 Qe4 27. Nd2 Bxd4 28. Nxe4 dxe4 {[%emt 0:00:16] [#]} 29. Rxe4+ $1 fxe4 30. Qxe4+ Kf8 31. Qxd4 Rh7 32. Qd6+ Kg8 33. Qxg6+ Kh8 (33... Rg7 $142 34. Qxh5 Rxa2) 34. Be3 {[%emt 0:00:50] Weighted Error Value: White=0.13 (very precise) /Black=0.36.  Loses game:     	---       	Black=1      Mistake:       	White=1     	Black=3      Inaccurate:     	---       	Black=2      OK:         	White=14    	Black=10     Best:        	White=3     	Black=2} 1-0